 Dungeon Crawl Stone Soup version 0.29-a0-553-g81b289dbe5 (webtiles) character file.

Game seed: 12345661177576932748

29789 HessuHobo the Severer (level 13, -7/130 HPs)
             Began as a Minotaur Fighter on June 7, 2022.
             Was an Elder of the Shining One.
             Mangled by a sun demon (9 damage)
             ... in a volcano.
             The game lasted 00:20:21 (19972 turns).

HessuHobo the Severer (Minotaur Fighter)           Turns: 19972, Time: 00:20:21

Health: -7/130     AC: 14    Str: 26    XL:     13   Next: 17%
Magic:  14/14      EV: 10    Int:  5    God:    the Shining One [****..]
Gold:   931        SH:  7    Dex: 16    Spells: 12/12 levels left

rFire   + . .      SeeInvis .   s - +1 hand axe (elec)
rCold   . . .      Faith    .   c - +0 buckler
rNeg    + + .      Spirit   .   T - +1 ring mail {rF+}
rPois   .          Reflect  .   (helmet restricted)
rElec   .          Harm     .   Z - +2 cloak
rCorr   .          Rampage  .   F - +0 pair of gloves
Will    .....                   x - +0 pair of boots
Stlth   +.........              (no amulet)
HPRegen 0.31/turn               S - +6 ring of dexterity
MPRegen 0.14/turn               O - ring of flight

@: flying, glowing
A: horns 2, retaliatory headbutt
a: Renounce Religion, Divine Shield, Cleansing Flame


You were in a volcano.
You worshipped the Shining One.
The Shining One was greatly pleased with you.
You visited 3 branches of the dungeon, and saw 15 of its levels.
You also visited: Volcano.

You collected 931 gold pieces.

Inventory:

Hand Weapons
 a - a +0 war axe
 m - a +1 whip of venom
 s - a +1 hand axe of electrocution (weapon)
 t - a +0 flail of holy wrath
 D - the +3 mace of Arrival {vorpal, Will+}
   (You found it on level 5 of the Dungeon)

   It inflicts extra damage upon your enemies.
   Will:      It increases your willpower.
Missiles
 M - 10 poisoned darts (quivered)
Armour
 b - a +0 scale mail
 c - a +0 buckler (worn)
 i - +0 steam dragon scales
 v - a +3 chain mail
 x - a +0 pair of boots (worn)
 F - a +0 pair of gloves (worn)
 P - the +1 scale mail of Prudence {Will+ Int+3}
   (You found it on level 9 of the Dungeon)

   Int:       It affects your intelligence (+3).
   Will:      It increases your willpower.
 T - a +1 ring mail of fire resistance (worn)
 Z - a +2 cloak (worn)
Jewellery
 n - a ring of wizardry
 O - a ring of flight (right hand)
 S - a +6 ring of dexterity (left hand)
 U - a +4 ring of protection
Wands
 y - a wand of digging (10)
 H - a wand of iceblast (17)
 K - a wand of flame (23)
 R - a wand of acid (13)
Scrolls
 d - 2 scrolls of fear
 f - 3 scrolls of enchant weapon
 h - 3 scrolls of vulnerability
 j - a scroll of immolation {unknown}
 k - 2 scrolls of teleportation
 o - 4 scrolls of identify
 q - a scroll of fog {unknown}
 r - 5 scrolls of noise
 A - 2 scrolls of poison
 B - a scroll of enchant armour
 E - a scroll of magic mapping {unknown}
 J - a scroll of silence {unknown}
 Q - a scroll of blinking {unknown}
 V - a scroll of summoning {unknown}
 X - a scroll of brand weapon {unknown}
 Y - a scroll of torment {unknown}
Potions
 e - 3 potions of cancellation
 g - 4 potions of mutation
 l - 2 potions of degeneration
 u - 5 potions of curing
 w - 3 potions of lignification
 z - a potion of ambrosia {unknown}
 C - 2 potions of berserk rage {unknown}
 G - 2 potions of brilliance
 I - a potion of resistance {unknown}
 L - 2 potions of magic {unknown}
 N - 2 potions of flight
 W - a potion of haste {unknown}


   Skills:
 + Level 16.5 Fighting
 + Level 16.5 Axes
 - Level 10.0 Armour
 - Level 10.0 Shields
 + Level 3.5 Invocations


You had 12 spell levels left.
You didn't know any spells.
Your spell library contained the following spells:

 Spells                   Type           Power      Damage    Failure   Level
 Static Discharge         Conj/Air       0%         N/A       80%         2
 Dazzling Flash           Conj/Hex       0%         N/A       95%         3
 Ozocubu's Armour         Ice            0%         N/A       95%         3
 Dispel Undead            Necr           0%         3d6       100%        4
 Iskenderun's Mystic Bla  Conj/Tloc      0%         2d3       100%        4
 Sticky Flame             Conj/Fire      0%         2d3       100%        4
 Metabolic Englaciation   Hex/Ice        0%         N/A       100%        5
 Simulacrum               Ice/Necr       0%         N/A       100%        6
 Starburst                Conj/Fire      0%         6d3       100%        6


Dungeon Overview and Level Annotations

Branches:
Dungeon (11/15)            Temple (1/1) D:5            Lair (3/6) D:10
  Swamp (0/4) Lair:2       Spider (0/4) Lair:2      Volcano (1/1)
    Orc: D:9-12

Altars:
Ashenzari
Cheibriados
Dithmenos
Elyvilon
Fedhas
Gozag
Hepliaklqana
Kikubaaqudgha
Makhleb
Nemelex Xobeh
Okawaru
Qazlal
Ru
Sif Muna
Trog
Uskayaw
Vehumet
Wu Jian
Xom
Yredelemnul
Zin
The Shining One

Annotations:
D:3 3 runed translucent doors, YeBoyLucifer's ghost, amateur HOFi
D:8 exclusion: ice statue
D:9 exclusion: ice statue
D:11 Erolcha


Innate Abilities, Weirdness & Mutations

You have a pair of horns on your head.
You reflexively headbutt those who attack you in melee.


Message History

The sun demon is severely wounded.
You hit the sun demon but do no damage.
The sun demon is severely wounded.
You block the sun demon's attack.
You hit the sun demon but do no damage.
The sun demon is severely wounded.
You block the sun demon's attack.
You hit the sun demon but do no damage.
The sun demon is severely wounded.
You block the sun demon's attack.
You hit the sun demon. You headbutt the sun demon!
You kill the sun demon!
The Shining One accepts your kill.
You feel better.
You slash the sun demon!
The sun demon is lightly wounded.
You barely miss the sun demon. You headbutt the sun demon!
The sun demon is moderately wounded.
You block the sun demon's attack.
You barely miss the sun demon.
The sun demon is moderately wounded.
You block the sun demon's attack.
You hit the sun demon but do no damage. You headbutt the sun demon.
The sun demon is moderately wounded.
You hit the sun demon but do no damage.
The sun demon is moderately wounded.
The sun demon hits you!!
You are engulfed in flames!
You resist.
* * * LOW HITPOINT WARNING * * *
You hit the sun demon.
The sun demon is moderately wounded.
The sun demon hits you!
* * * LOW HITPOINT WARNING * * *
You are engulfed in flames!
You resist.
* * * LOW HITPOINT WARNING * * *
You hit the sun demon but do no damage. You headbutt the sun demon.
The sun demon is heavily wounded.
The sun demon hits you!!
* * * LOW HITPOINT WARNING * * *
You are engulfed in flames!
You resist.
You die...

#.. #.§....≈..... #...
##§.......... #8..
##.....§≈..... #....
##.....###..... #....
#.....## ##.... #....#
#.....### ##... #....##
#≈.§...≈## #...
#....####.§§≈..#.# ##..
##...3@..§§§.....###§.§
##....§≈.§...≈.#.#..§.
###..§.§#≈≈..≈#......
###.§..............
####.###....##### ###
######


You could see a sun demon.

Vanquished Creatures
  3 sun demons (Volcano)
  2 bog bodies (Lair:2)
  A lindwurm (Lair:3)
  3 elephants (Lair:2)
  2 black mambas (Lair:2)
  7 cane toads
  A gargoyle (D:10)
  Joseph (D:7)
  A smoke demon (Volcano)
  3 komodo dragons
  An unseen horror (D:10)
  Psyche (D:8)
  6 ice devils (D:8)
  3 trolls
  Grinder (D:5)
  4 polar bears (Lair:1)
  Prince Ribbit (D:8)
  5 blink frogs (Lair:1)
  2 hornets (D:9)
  5 dream sheep (Lair:3)
  3 culicivoras (Lair:2)
  33 yaks
  2 wraiths
  2 wyverns (D:7)
  2 basilisks (Lair:2)
  3 steam dragons
  2 hell hounds (Volcano)
  11 water moccasins
  An ice beast (D:6)
  8 black bears
  4 ogres
  26 wolves
  5 centaurs
  3 phantoms
  5 kobold brigands
  Blork the orc (D:5)
  A necrophage (D:6)
  18 bullfrogs
  6 scorpions
  7 wights
  3 killer bees (D:8)
  An electric eel (D:9)
  5 hounds
  A lava snake (D:9)
  3 jellies
  3 orc priests
  3 gnoll shamans
  Natasha (thrice) (D:4)
  4 orc wizards
  4 iguanas
  A mummy (D:7)
  17 gnolls
  9 adders
  A shadow imp (D:5)
  8 ufetubi
  3 worms
  2 dart slugs
  22 orcs
  10 endoplasms
  5 giant cockroaches
  5 goblins
  10 hobgoblins
  6 jackals
  25 kobolds
  2 quokkas
  8 ball pythons
  3 bats
  8 frilled lizards
  2 kobold zombies (D:7)
  2 orc zombies (D:7)
  7 rats
382 creatures vanquished.

Vanquished Creatures (others)
  9 fungi
  14 plants
  5 toadstools (D:1)
28 creatures vanquished.

Grand Total: 410 creatures vanquished

Notes
Turn   | Place    | Note
-------+----------+-------------------------------------------
     0 | D:1      | HessuHobo the Minotaur Fighter began the quest for the Orb.
     0 | D:1      | Reached XP level 1. HP: 19/19 MP: 0/0
   190 | D:1      | Reached XP level 2. HP: 27/27 MP: 1/1
   713 | D:1      | Reached XP level 3. HP: 32/34 MP: 2/2
  1024 | D:2      | Found a faded altar of an unknown god.
  1443 | D:2      | Reached XP level 4. HP: 35/41 MP: 3/3
  1686 | D:2      | Reached skill level 5 in Fighting
  2874 | D:3      | Reached XP level 5. HP: 22/49 MP: 4/4
  2888 | D:3      | Reached skill level 5 in Axes
  3153 | D:3      | Found a runed translucent gate.
  3154 | D:3      | Found a runed translucent gate.
  3154 | D:3      | Found a runed translucent gate.
  3157 | D:3      | Noticed YeBoyLucifer's ghost (amateur HOFi)
  3437 | D:4      | Reached XP level 6. HP: 54/57 MP: 5/5
  3463 | D:4      | Noticed Natasha
  3479 | D:4      | Killed Natasha
  3702 | D:4      | Noticed Natasha
  3712 | D:4      | Killed Natasha
  3894 | D:4      | Found a large runed translucent door.
  3894 | D:4      | Found a large runed translucent door.
  4026 | D:4      | Noticed Natasha
  4030 | D:4      | Killed Natasha
  4108 | D:4      | Found a shimmering altar of Xom.
  4389 | D:5      | Entered Level 5 of the Dungeon
  4407 | D:5      | Noticed Grinder
  4416 | D:5      | Killed Grinder
  4417 | D:5      | Reached XP level 7. HP: 60/66 MP: 6/6
  4704 | D:5      | Found a staircase to the Ecumenical Temple.
  4716 | Temple   | Entered the Ecumenical Temple
  5125 | Temple   | Became a worshipper of the Shining One
  5153 | D:5      | Noticed Blork the orc
  5165 | D:5      | Reached XP level 8. HP: 30/77 MP: 7/7
  5167 | D:5      | Killed Blork the orc
  5688 | D:5      | Identified the +3 mace of Arrival {vorpal, Will+}
  6484 | D:6      | Reached skill level 10 in Fighting
  6703 | D:6      | Reached skill level 10 in Axes
  6942 | D:6      | Reached * piety under the Shining One
  7224 | D:6      | Reached XP level 9. HP: 55/86 MP: 8/8
  7988 | D:6      | Identified the +1 robe of the Butcher {Harm +Blink}
  8580 | D:7      | Noticed Joseph
  8585 | D:7      | Reached ** piety under the Shining One
  8598 | D:7      | Killed Joseph
  8599 | D:7      | Reached XP level 10. HP: 56/104 MP: 9/9
  9348 | D:8      | Reached skill level 15 in Fighting
  9690 | D:8      | Noticed Psyche
  9696 | D:8      | Killed Psyche
  9839 | D:8      | Noticed an ice statue
 10049 | D:8      | Noticed Prince Ribbit
 10053 | D:8      | Killed Prince Ribbit
 11474 | D:8      | Reached *** piety under the Shining One
 11736 | D:8      | Reached XP level 11. HP: 84/114 MP: 10/10
 11949 | D:9      | Found a snail-covered altar of Cheibriados.
 11988 | D:9      | Identified the +1 scale mail of Prudence {Will+ Int+3}
 13072 | D:10     | Entered Level 10 of the Dungeon
 13710 | D:10     | Found a staircase to the Lair.
 13729 | D:10     | Reached skill level 15 in Axes
 14096 | D:11     | Noticed Erolcha
 14115 | Lair:1   | Entered Level 1 of the Lair of Beasts
 14590 | Lair:1   | Reached skill level 5 in Armour
 14590 | Lair:1   | Reached skill level 5 in Shields
 15219 | Lair:1   | Reached **** piety under the Shining One
 15231 | Lair:1   | Reached XP level 12. HP: 119/122 MP: 11/11
 17678 | Lair:2   | Found a hole to the Spider Nest.
 17912 | Lair:2   | Found a staircase to the Swamp.
 18091 | Lair:2   | Reached skill level 10 in Armour
 18091 | Lair:2   | Reached skill level 10 in Shields
 18713 | Lair:3   | Reached skill level 1 in Invocations
 19209 | Lair:3   | Reached XP level 13. HP: 121/129 MP: 13/13
 19290 | Lair:3   | Found a dark tunnel.
 19446 | Volcano  | Entered a volcano
 19972 | Volcano  | HP: 2/130 [sun demon (18)]
 19972 | Volcano  | Mangled by a sun demon

Illustrated notes

Levels and vault maps discovered:
D:1:      ldierk_walled_garden, layout_basic
D:2:      layout_basic, shapermc_ecumenical_altar_starsandcircs
D:3:      layout_basic, gammafunk_ghost_necromancy
D:4:      due_chaos_kobolds, layout_rooms, uniq_natasha
D:5:      layout_basic, minmay_temple_entry_trees, hangedman_decor_growths,
          grunt_ministairs_4, uniq_blork_the_orc, uniq_grinder
D:6:      kennysheep_windowed_halls, layout_basic
D:7:      layout_loops_ring, minmay_mini_ossuary, uniq_joseph
D:8:      cheibrodos_frozen_isle, layout_loops_ring, st_stairs_8, uniq_psyche,
          uniq_prince_ribbit1
D:9:      lemuel_ice_statue, layout_loops_ring, lemuel_crystal_altar,
          nicolae_lava_and_water
D:10:     layout_rooms, erik_lair_island
D:11:     layout_basic, nicolae_water_bricks, minmay_misc_feat_x, uniq_erica,
          uniq_erolcha
Temple:   mainiacjoe_temple_circle_huts
Lair:1:   beast_lair_carwin_large_1, layout_cave_pods
Lair:2:   layout_roguey, skrybe_swamp_entry_bodies,
          hellmonk_spider_entry_life_and_decay, serial_bayou_shore_b,
          grunt_megastairs_3
Lair:3:   layout_chaotic_city, nicolae_volcano_entry_vermiform,
          serial_bayou_shore_b
Volcano:  hellmonk_smoking_crater

Skill      XL: |  1  2  3  4  5  6  7  8  9 10 11 12 13 |
---------------+----------------------------------------+-----
Fighting       | 4 5 6 7 8 10 14 16 | 16.5
Axes           | 3 4 5 6 8 10 12 16 | 16.5
Armour         | 5 10 | 10.0
Shields        | 5 10 | 10.0
Invocations    | 2 3 |  3.5

Action                   |  1- 3 |  4- 6 |  7- 9 | 10-12 | 13-15 || total
-------------------------+-------+-------+-------+-------+-------++-------
Melee: War axe           |    81 |    77 |       |       |       ||   158
       Headbutt          |    10 |    15 |    45 |   149 |    24 ||   243
       Hand axe          |       |    56 |   194 |   591 |    71 ||   912
Invok: Divine Shield     |       |       |       |     1 |       ||     1
  Use: Potion            |       |     1 |     1 |     4 |     3 ||     9
       Scroll            |       |       |     7 |     9 |       ||    16
Armor: Scale mail        |    39 |    40 |       |       |       ||    79
       Chain mail        |       |    15 |    91 |   221 |     6 ||   333
       Ring mail         |       |       |       |     1 |    18 ||    19
Dodge: Dodged            |    33 |    47 |    54 |   135 |    20 ||   289
Block: Buckler           |     9 |    28 |    37 |   122 |    22 ||   218

Table legend: (Time is in decaauts)
 A = Elapsed time spent in this place.
 B = Non-inter-level travel time spent in this place.
 C = Inter-level travel time spent in this place.
 D = Time resting spent in this place.
 E = Time spent auto-exploring this place.
 F = Levels seen in this place.
 G = Mean time per level.
                   A        B        C        D        E       F      G
               +--------+--------+--------+--------+--------+-----+--------+
         Total |  19829 |  19324 |    505 |   8546 |   8322 |  16 | 1239.3 |
       Dungeon |  13678 |  13297 |    381 |   5934 |   5616 |  11 | 1243.5 |
        Temple |    421 |    409 |     12 |    100 |    250 |   1 |  421.0 |
          Lair |   5222 |   5110 |    112 |   2186 |   2407 |   3 | 1740.7 |
       Volcano |    506 |    506 |      0 |    326 |     49 |   1 |  506.0 |
               +--------+--------+--------+--------+--------+-----+--------+

Top non-repeatable levels by time:
     D:8: 2663 daAuts
  Lair:2: 2514 daAuts
  Lair:1: 1970 daAuts
     D:6: 1963 daAuts
     D:2: 1392 daAuts
     D:5: 1379 daAuts
     D:4: 1182 daAuts
     D:9: 1137 daAuts
     D:7: 1063 daAuts
     D:1: 1043 daAuts
    D:10: 1021 daAuts
     D:3: 830 daAuts
  Lair:3: 737 daAuts
 Volcano: 506 daAuts
  Temple: 421 daAuts
